Map: Ulrena

Players

Happy - Winner!

  • Race: Terran Terran
  • League: Grandmaster

LiquidSnute (Snute)

  • Race: Zerg Zerg
  • League: Grandmaster

Event: 2016 WCS Winter Challenger Europe

VOD

Have the link to the VOD?

Description

Time

  • Played on: Feb. 13, 2016, 2:04 p.m.
  • Length: 11:39

All games in this series

Show
View Real Time Build Order
Export as new Build Order

Happy Terran - Winner!

Build Orders: Reaper Expand, Bio Tank 

Get SALT Encoding   

  12  0:00  SCV  
  13  0:12  SCV  
  14  0:17  Supply Depot  
  14  0:25  SCV  
  15  0:39  SCV  
  15  0:42  Barracks  
  16  0:44  Refinery  
  16  0:51  SCV  
  17  1:03  SCV  
  18  1:15  SCV  
  19  1:29  Reaper, Orbital Command  
  20  1:42  Command Center  
  20  1:48  Refinery  
  20  1:54  SCV  
  20  2:00  Supply Depot  
  21  2:04  Barracks Reactor  
  21  2:07  SCV  
  22  2:18  Factory  
  22  2:22  SCV  
  23  2:29  Bunker  
  23  2:37  SCV  
  23  2:40  Marine x2  
  26  2:53  SCV  
  26  2:54  Orbital Command  
  27  3:02  Starport  
  27  3:03  Marine  
  28  3:07  SCV  
  28  3:10  Marine  
  30  3:14  Factory Tech Lab  
  30  3:23  SCV  
  31  3:28  SCV  
  31  3:33  Siege Tank, Marine x2  
  36  3:36  SCV  
  36  3:40  Medivac  
  39  3:43  SCV  
  39  3:47  Supply Depot  
  40  3:51  Marine x2  
  42  3:57  Bunker, SCV  
  42  3:58  SCV  
  44  4:06  Supply Depot  
  44  4:09  SCV  
  45  4:10  SCV, Marine x2  
  45  4:14  Siege Tank  
  51  4:17  Medivac  
  51  4:22  SCV  
  54  4:28  SCV, Marine x2  
  54  4:29  Supply Depot  
  57  4:34  SCV  
  57  4:50  Siege Tank, Medivac  
  58  4:55  SCV  
  58  4:57  SCV  
  55  5:01  Command Center  
  55  5:06  Marine x2  
  57  5:08  SCV  
  57  5:09  Refinery, SCV  
  57  5:10  Refinery  
  59  5:15  Barracks  
  59  5:16  Barracks  
  59  5:18  Supply Depot  
  59  5:20  SCV  
  60  5:21  Engineering Bay  
  60  5:25  SCV, Engineering Bay  
  60  5:26  Starport Reactor  
  61  5:32  SCV  
  61  5:33  Marine x2  
  64  5:37  SCV  
  64  5:40  Supply Depot  
  65  5:47  Siege Tank  
  68  5:51  Terran Infantry Weapons Level 1, Marine x2  
  70  5:57  Terran Infantry Armor Level 1  
  70  6:02  SCV  
  71  6:05  Barracks Tech Lab x2  
  71  6:08  SCV, Marine  
  73  6:14  SCV, Orbital Command  
  73  6:15  Marine  
  75  6:20  SCV  
  75  6:22  Barracks  
  75  6:23  Barracks  
  76  6:27  Stimpack  
  76  6:29  Combat Shields  
  76  6:33  SCV  
  77  6:42  SCV, Orbital Command  
  77  6:45  Missile Turret, SCV  
  79  6:47  Siege Tank  
  81  6:54  SCV  
  81  6:58  SCV  
  81  7:00  Marine  
  81  7:01  Marauder x2  
  88  7:06  SCV  
  88  7:07  Factory  
  88  7:08  SCV  
  90  7:10  Barracks Reactor, SCV  
  90  7:11  Barracks Reactor  
  90  7:14  Marine  
  92  7:18  Marine  
  92  7:21  Armory  
  92  7:22  Barracks  
  93  7:26  Siege Tank  
  96  7:30  SCV  
  96  7:34  Supply Depot  
  96  7:35  Supply Depot  
  97  7:42  Medivac, Bunker x3  
  97  7:43  Medivac  
  97  7:44  Marine  
  99  7:46  Marine  
  99  7:50  Marine  
  101  7:55  SCV, Marine  
  101  7:56  Marine x2  
  101  7:57  Supply Depot, Marauder  
  107  8:00  Factory Tech Lab  
  107  8:02  Marine x2  
  107  8:03  Barracks  
  107  8:04  SCV  
  110  8:08  SCV  
  111  8:18  Marine  
  111  8:19  Marauder, Medivac x2  
  118  8:21  Terran Infantry Weapons Level 2  
  118  8:24  Terran Infantry Armor Level 2  
  118  8:29  Refinery  
  118  8:30  Refinery, Marine  
  118  8:32  Supply Depot, Barracks Tech Lab  
  119  8:36  Siege Tank  
  119  8:39  Marine x2  
  124  8:43  SCV  
  125  8:49  Supply Depot  
  125  8:53  SCV, Marine x2  
  128  8:57  Marine  
  128  8:58  Marine x2  
  128  8:59  Terran Vehicle Weapons Level 1  
  130  9:04  Marine x3  
  133  9:10  Supply Depot, Siege Tank, Medivac  
  133  9:11  Marine  
  136  9:23  Siege Tank, Marine x2  
  141  9:31  Supply Depot  
  141  9:32  Marauder, Marine x3  
  141  9:37  Marine x3  
  150  9:43  Viking  
  152  9:46  Viking, Marine x3  
  152  9:49  Marine  
  159  9:52  Siege Tank  
  159  9:53  Marine x2  
  159  9:57  Supply Depot x2  
  159  9:58  Supply Depot, Marine  
  163  10:01  Barracks Reactor  
  162  10:08  Marine x3  
  165  10:18  Medivac x2  
  165  10:20  Ghost Academy  
  169  10:21  Supply Depot  
  169  10:24  Barracks  
  167  10:41  Siege Tank, Marine x3  
  167  10:42  Marine  
  174  10:46  Command Center  
  166  11:04  Marine  
  166  11:05  Marauder  
  166  11:07  Marauder x2, Marine x3  
  172  11:13  Marine x2  
  172  11:18  Marine  
Show
View Real Time Build Order
Export as new Build Order

LiquidSnute Zerg 

Build Orders: Hatch First 

Get SALT Encoding   

  12  0:00  Drone  
  13  0:12  Overlord  
  13  0:17  Drone  
  14  0:30  Drone x2  
  14  0:34  Drone  
  17  0:52  Hatchery  
  17  0:55  Drone  
  17  0:57  Drone  
  17  1:00  Extractor  
  17  1:13  Spawning Pool  
  17  1:18  Drone  
  17  1:20  Drone  
  18  1:28  Drone  
  19  1:50  Overlord  
  19  2:00  Zergling x2, Queen  
  22  2:04  Zergling x2, Queen  
  22  2:05  Metabolic Boost  
  25  2:11  Drone  
  26  2:16  Overlord  
  26  2:23  Drone  
  28  2:30  Drone x2  
  28  2:32  Drone  
  30  2:39  Queen  
  30  2:43  Drone  
  33  2:49  Drone x2  
  35  2:53  Drone  
  36  3:08  Hatchery  
  36  3:10  Drone  
  36  3:12  Drone  
  37  3:15  Drone  
  37  3:17  Drone  
  37  3:18  Drone  
  39  3:23  Drone x2  
  39  3:25  Drone  
  42  3:30  Overlord  
  42  3:31  Drone  
  42  3:34  Drone  
  43  3:38  Overlord  
  43  3:41  Extractor  
  42  3:48  Drone x3  
  42  3:49  Drone, Zergling x2  
  42  3:51  Queen  
  49  3:56  Queen  
  49  4:01  Drone  
  52  4:07  Evolution Chamber x2  
  50  4:15  Zergling x6  
  53  4:17  Zergling x6  
  53  4:20  Queen  
  53  4:22  Overlord  
  58  4:26  Drone x3  
  58  4:29  Overlord  
  61  4:33  Drone  
  61  4:34  Drone  
  61  4:38  Zergling x2  
  61  4:42  Zergling x8  
  64  4:49  Zergling x2  
  64  4:50  Zergling x2  
  64  4:52  Zergling x2  
  62  4:56  Drone x2  
  62  4:58  Drone x2  
  62  4:59  Drone  
  67  5:00  Zerg Ground Armor Level 1  
  67  5:03  Drone x2  
  67  5:06  Zerg Missile Weapons Level 1  
  68  5:08  Drone x2  
  68  5:09  Drone  
  71  5:15  Roach Warren  
  71  5:17  Lair  
  71  5:19  Drone x2  
  73  5:21  Drone  
  73  5:33  Drone x3  
  73  5:34  Drone x2  
  73  5:35  Drone x2  
  79  5:38  Drone  
  79  5:41  Overlord  
  81  5:44  Extractor  
  81  5:46  Extractor  
  81  5:47  Extractor  
  81  5:48  Extractor  
  77  5:51  Drone x4  
  77  5:52  Overlord x2  
  77  5:57  Overlord  
  81  6:01  Queen x2  
  85  6:08  Overlord  
  85  6:16  Glial Reconstitution  
  85  6:17  Roach x9  
  103  6:23  Overlord x3  
  103  6:31  Roach x3  
  109  6:33  Queen  
  111  6:40  Ravager x4  
  111  6:41  Ravager x4  
  111  6:46  Zergling x2  
  120  6:47  Zergling x10  
  120  6:52  Ravager x2  
  120  6:53  Queen x2  
  131  7:00  Roach  
  132  7:02  Ravager  
  132  7:03  Overlord x2, Ravager  
  132  7:04  Zergling x6  
  132  7:05  Overlord  
  137  7:20  Zerg Ground Armor Level 2  
  137  7:21  Zerg Melee Weapons Level 1, Queen  
  139  7:29  Ravager  
  140  7:31  Hatchery  
  140  7:33  Zergling x18  
  140  7:34  Zergling x2  
  147  7:49  Roach x6  
  147  7:50  Roach x2  
  157  8:00  Infestation Pit  
  156  8:07  Overlord x3  
  156  8:15  Pneumatized Carapace  
  156  8:26  Drone x8  
  159  8:28  Extractor  
  159  8:32  Extractor  
  157  8:36  Roach x6  
  157  8:37  Hive  
  157  8:40  Drone x2  
  157  8:41  Drone x2  
  173  8:44  Drone  
  173  8:45  Drone  
  173  8:46  Drone  
  172  9:07  Overlord  
  172  9:17  Zerg Melee Weapons Level 2  
  172  9:24  Hatchery  
  167  9:52  Adrenal Glands  
  167  9:54  Ultralisk Cavern  
  159  10:37  Overlord x3  
  159  10:38  Overlord  
  153  10:43  Ultralisk x2  
  153  10:49  Overlord  
  163  10:50  Overlord x2  
  172  11:05  Roach x7  
  172  11:06  Roach x2  
  164  11:15  Zergling x2  
  164  11:16  Zergling x26  
Tags
 
Add a new tag
Caveats
  • Supply blocks, unpowered buildings, or Contaminate may cause inaccurate times.
  • Supply counts are checked every 10 seconds.